 Dungeon Crawl Stone Soup version 0.15-a0-1788-ga796aff (webtiles) character file.

29099 PolkaDot the Unseen (level 13, -1/79 HPs)
             Began as a Vampire Enchanter on June 29, 2014.
             Was the Champion of Ashenzari.
             Slain by an orc warrior
             ... wielding a +2 long sword of flaming
              (3 damage)
             ... in a volcano.
             The game lasted 01:01:23 (18156 turns).

PolkaDot the Unseen (Vampire Enchanter)            Turns: 18156, Time: 01:01:23

HP  -1/79        AC 10     Str  7      XL: 13   Next: 13%
MP  10/19        EV 13     Int 21      God: Ashenzari [******]
Gold 928         SH  6     Dex 14      Spells:  6 memorised,  1 level left

rFire  + . .     SeeInvis +     a - +6 dagger (curse)
rCold  + + +     Clarity  +     z - +0 leather armour {rF+} (curse)
rNeg   + + +     rCorr    .     k - +0 buckler (curse)
rPois  +         rRot     +     I - +2 hat (curse)
rElec  .         Spirit   .     v - +0 cloak (curse)
SustAb .         Warding  .     m - +1 pair of gloves (curse)
rMut   .         Stasis   .     E - +0 pair of boots (curse)
Gourm  .                        (no amulet)
MR     +....                    (no ring)
                                y - ring of protection from cold

@: regenerating slowly, somewhat resistant to hostile enchantments, incredibly
stealthy
A: bottle blood, fangs 3, see invisible, cold resistance 1, unbreathing
a: Bat Form, Bottle Blood, Scrying, Transfer Knowledge, Renounce Religion


You were in a volcano.
You worshipped Ashenzari.
Ashenzari was exalted by your worship.
You were near bloodless.

You visited 3 branches of the dungeon, and saw 18 of its levels.
You also visited: Ossuary and Volcano.

You collected 928 gold pieces.

Inventory:

Hand weapons
 a - a cursed +6 dagger (weapon)
Missiles
 h - 5 curare-tipped needles
 r - 65 poisoned needles
Armour
 k - a cursed +0 buckler (worn)
 m - a cursed +1 pair of gloves (worn)
 v - a cursed +0 cloak (worn)
 z - a cursed +0 leather armour of fire resistance (worn)
 E - a cursed +0 pair of boots (worn)
 I - a cursed +2 hat (worn)
Magical devices
 j - a wand of polymorph (10)
 l - a wand of fire (10)
 M - a wand of disintegration (12)
Scrolls
 f - 11 scrolls of immolation
 i - 3 scrolls of fog
 o - 7 scrolls of curse jewellery
 p - 3 scrolls of fear
 q - 3 scrolls of amnesia
 s - 4 scrolls of teleportation
 u - 4 scrolls of remove curse
 x - 7 scrolls of blinking
 B - a scroll of recharging
 G - 3 scrolls of curse armour
 H - 4 scrolls of curse weapon
Jewellery
 y - a ring of protection from cold (left hand)
Potions
 c - a potion of magic {unknown}
 e - 4 potions of brilliance
 g - 4 potions of haste
 n - 2 potions of restore abilities
 t - a potion of might
 C - 4 potions of resistance
 F - 3 potions of curing
 J - 2 potions of flight
Books
 b - a Necronomicon {highlevel}

   This book is beyond your current level of understanding.

   Spells                             Type                      Level
   Haunt                              Necromancy/Summoning         7
   Borgnjor's Revivification          Necromancy                   8
   Death's Door                       Charms/Necromancy            8
   Necromutation                      Transmutation/Necromancy     8
 d - a book of Hinderance

   Spells                             Type                      Level
   Confusing Touch                    Hexes                        2
   *Confuse                           Hexes                        3
   Petrify                            Transmutation/Earth          4
   Leda's Liquefaction                Hexes/Earth                  4
   Metabolic Englaciation             Hexes/Ice                    5
   Summon Mana Viper                  Hexes/Summoning              5
 D - a book of Ice

   Spells                             Type                      Level
   Metabolic Englaciation             Hexes/Ice                    5
   Ozocubu's Refrigeration            Ice                          6
   Bolt of Cold                       Conjuration/Ice              6
   Freezing Cloud                     Conjuration/Ice/Air          6
   Simulacrum                         Ice/Necromancy               6


   Skills:
 * Level 14.4(18.4) Short Blades
 - Level 5.1 Armour
 - Level 2.1(5.5) Dodging
 + Level 16.5(20.3) Stealth
 - Level 5.3(8.3) Shields
 - Level 2.0 Spellcasting
 + Level 15.5 Hexes
 - Level 1.0 Ice Magic


You had one spell level left.
You knew the following spells:

 Your Spells              Type           Power        Failure   Level  Hunger
a - Corona                Hex            ######.      1%          1    #......
b - Sure Blade            Hex/Chrm       ####......   1%          2    ##.....
c - Confuse               Hex            ######..     1%          3    ###....
d - Ensorcelled Hibernat  Hex/Ice        #####.       1%          2    ##.....
e - Enslavement           Hex            ######..     1%          4    #####..
s - Dazzling Spray        Conj/Hex       ####....     1%          3    ###....


Dungeon Overview and Level Annotations

Branches:
Dungeon (10/15)            Temple (1/1) D:7            Lair (7/8) D:9
 Shoals (0/5) Lair:5       Spider (0/5) Lair:4
    Orc: D:9-12       Slime: Lair:6-8

Altars:
Ashenzari
Cheibriados
Dithmenos
Elyvilon
Fedhas
Gozag
Kikubaaqudgha
Makhleb
Nemelex Xobeh
Okawaru
Qazlal
Sif Muna
Trog
Vehumet
Xom
Yredelemnul
Zin
The Shining One


Innate Abilities, Weirdness & Mutations

You heal slowly.
You can bottle blood from corpses.
You have razor-sharp teeth.*
You have supernaturally acute eyesight.
You can survive without breathing.*
Your flesh is cold resistant.*


Message History

You feel better.
You feel almost devoid of blood!
You perforate the orc warrior like a sieve!!!!!
You kill the orc warrior!
The orc warrior misses you.
The orc warrior hits you with a long sword of flaming!
The orc warrior burns you.
Things that are here:
a +2 war axe of flaming; a +1 ring mail of fire resistance; an orc corpse Unknown command.
Casting: Ensorcelled Hibernation
Confirm with . or Enter, or press ? or * to list all spells.
Aiming: Ensorcelled Hibernation
Press: ? - help, Shift-Dir - straight line, f - orc warrior
Aim: an orc warrior, wielding a long sword of flaming and wearing a ring mail of fire resistance The orc warrior struggles to resist.
The orc warrior closely misses you.
The orc warrior hits you with a long sword of flaming!!
* * * LOW HITPOINT WARNING * * *
The orc warrior burns you.
You die...

** #######* ***
*∩,,.....#∆∆∆ ,,*
*####....#∆∆∆, ,*
##.......#* , ≈,*
#._......+ { {
#...)...#
#####..o.#∆∆∆,,,
#∩....o@.#∆∆∆∆∆∆
########.# ** **
#+# #### #.# #..##
##.## ##...##
#8.8###.....##
#...##..§≈...##
#.....§{§≈....#
#........{§≈....##


You could see 2 orc warriors.

Vanquished Creatures
  Fannar (Lair:1)
  The ghost of cosh the Cloud Mage, an experienced TeAE of Sif Muna (D:10)
  Joseph (D:9)
  An orc sorcerer (Volcano)
  14 elephants
  7 black mambas
  4 komodo dragons
  A torpor snail (Lair:6)
  4 spiny frogs
  2 fire drakes
  4 polar bears (Lair:6)
  A troll (D:10)
  3 trapdoor spiders (Lair:4)
  A basilisk (Lair:2)
  A hog (D:7)
  A deep elf mage (D:8)
  30 yaks
  5 hippogriffs
  2 hungry ghosts
  A human (D:7)
  10 wolves
  A fire bat (Volcano)
  4 sharks (Lair:5)
  Edmund (D:4)
  12 porcupines
  8 water moccasins
  2 orc warriors
  A necrophage (D:7)
  2 ice beasts
  2 black bears
  2 ogres
  2 phantoms (D:8)
  A yellow wasp (D:10)
  5 centaurs
  9 crocodiles
  2 lava worms (Volcano)
  7 giant frogs
  2 gnoll sergeants
  A yak zombie (D:7)
  A hippogriff skeleton (D:6)
  3 wights (D:6)
  A troll skeleton (D:9)
  5 crimson imps
  A goliath beetle (D:7)
  A human zombie (Ossuary)
  2 jellies
  2 orc priests (D:6)
  6 hounds
  5 orc wizards
  A soldier ant zombie (D:9)
  7 worker ants
  6 iguanas
  Natasha (D:4)
  26 sheep
  2 big kobold zombies (Ossuary)
  A hound skeleton (D:9)
  3 mummies (Ossuary)
  A worker ant zombie (D:9)
  19 gnolls
  2 orc zombies
  18 adders
  74 green rats
  3 shadow imps
  2 giant mites
  3 worms (D:2)
  An adder skeleton (D:8)
  2 oozes
  19 orcs
  A ball python (D:1)
  19 bats
  A bat skeleton (D:8)
  6 giant cockroaches
  17 hobgoblins
  8 jackals
  11 kobolds
  6 giant geckos
  A giant gecko skeleton (D:6)
  6 giant newts
  6 goblins
  3 goblin zombies (Ossuary)
  A hobgoblin zombie (D:5)
  A jackal zombie (D:8)
  A kobold skeleton (D:5)
  2 kobold zombies
  An orc skeleton (D:5)
  12 quokkas
  10 rats
  A rat zombie (D:5)
  A spectral orc (D:4)
492 creatures vanquished.

Vanquished Creatures (others)
  A fungus (Lair:2)
1 creature vanquished.

Grand Total: 493 creatures vanquished

Notes
Turn   | Place    | Note
--------------------------------------------------------------
     0 | D:1      | PolkaDot, the Vampire Enchanter, began the quest for the Orb.
     0 | D:1      | Reached XP level 1. HP: 13/13 MP: 3/3
   300 | D:1      | Reached XP level 2. HP: 10/19 MP: 2/4
   532 | D:1      | Learned a level 2 spell: Ensorcelled Hibernation
  1183 | D:2      | Reached XP level 3. HP: 18/24 MP: 1/6
  1234 | D:2      | Learned a level 3 spell: Confuse
  1242 | D:2      | Found a white marble altar of Elyvilon.
  1390 | D:2      | Reached skill level 5 in Hexes
  1484 | D:2      | Reached skill level 1 in Ice Magic
  1508 | D:2      | Reached skill level 1 in Shields
  1771 | D:2      | Reached XP level 4. HP: 30/30 MP: 7/7
  1804 | D:2      | Found a glowing silver altar of Zin.
  1804 | D:2      | Found a shattered altar of Ashenzari.
  1807 | D:2      | Became a worshipper of Ashenzari the Shackled
  2508 | D:3      | Reached skill level 5 in Stealth
  2508 | D:3      | Reached XP level 5. HP: 35/35 MP: 6/9
  3045 | D:4      | Found a shimmering altar of Xom.
  3045 | D:4      | Found a shimmering altar of Xom.
  3046 | D:4      | Found a shimmering altar of Xom.
  3046 | D:4      | Found a shimmering altar of Xom.
  3047 | D:4      | Found a shimmering altar of Xom.
  3048 | D:4      | Found a shimmering altar of Xom.
  3055 | D:4      | Reached skill level 6 in Hexes
  3110 | D:4      | Noticed an ogre
  3133 | D:4      | Noticed Edmund
  3223 | D:4      | Killed Edmund
  3223 | D:4      | Reached XP level 6. HP: 33/41 MP: 0/10
  3394 | D:4      | Noticed Natasha
  3465 | D:4      | Killed Natasha
  3746 | D:4      | Killed an ogre
  3746 | D:4      | Reached XP level 7. HP: 46/46 MP: 12/12
  3906 | D:4      | Found a basalt altar of Yredelemnul.
  4087 | D:5      | Entered Level 5 of the Dungeon
  4141 | D:5      | Reached skill level 7 in Stealth
  4719 | D:5      | Reached skill level 5 in Shields
  5206 | D:5      | Learned a level 4 spell: Enslavement
  5331 | D:5      | Reached skill level 8 in Stealth
  5523 | D:6      | Acquired Ashenzari's first power
  5586 | D:6      | Reached skill level 1 in Armour
  5586 | D:6      | Reached XP level 8. HP: 52/52 MP: 13/13
  5650 | D:6      | Found an iron altar of Okawaru.
  6413 | D:6      | Reached skill level 9 in Stealth
  6999 | D:7      | Found a sand-covered staircase.
  7004 | Ossuary  | Entered an ossuary
  7278 | Ossuary  | Acquired Ashenzari's second power
  7765 | D:7      | Reached XP level 9. HP: 57/57 MP: 14/14
  8052 | D:7      | Found a stormy altar of Qazlal.
  8124 | D:7      | Reached skill level 10 in Stealth
  8127 | D:7      | Found a staircase to the Ecumenical Temple.
  8161 | Temple   | Entered the Ecumenical Temple
  8289 | Temple   | Acquired Ashenzari's third power
  8397 | D:7      | Reached skill level 10 in Hexes
  8658 | D:7      | Reached skill level 5 in Armour
  9339 | D:8      | Found a sparkling altar of Nemelex Xobeh.
  9404 | D:8      | Reached skill level 11 in Stealth
  9553 | D:8      | Reached skill level 5 in Short Blades
 10205 | D:9      | Identified the +2 robe of Midwinter {rPois}
 10241 | D:9      | Reached XP level 10. HP: 63/63 MP: 12/16
 10384 | D:9      | Learned a level 3 spell: Dazzling Spray
 10589 | D:9      | Noticed Joseph
 10594 | D:9      | Killed Joseph
 10735 | D:9      | Found a staircase to the Lair.
 10737 | D:9      | Noticed a fire drake
 10749 | D:9      | Killed a fire drake
 10749 | D:9      | Reached skill level 12 in Stealth
 11282 | D:10     | Entered Level 10 of the Dungeon
 11395 | D:10     | Noticed cosh's ghost (experienced TeAE)
 11409 | D:10     | Killed cosh's ghost
 11554 | Lair:1   | Entered Level 1 of the Lair of Beasts
 11821 | Lair:1   | Reached skill level 13 in Stealth
 11840 | Lair:1   | Reached XP level 11. HP: 68/68 MP: 3/17
 11997 | Lair:1   | Noticed Fannar
 12004 | Lair:1   | Killed Fannar
 12220 | Lair:1   | Acquired Ashenzari's fourth power
 12486 | Lair:1   | Reached skill level 10 in Short Blades
 12972 | Lair:2   | Gained mutation: Your flesh is cold resistant. [potion of beneficial mutation]
 13390 | Lair:2   | Reached skill level 14 in Stealth
 14158 | Lair:3   | Reached XP level 12. HP: 74/74 MP: 18/18
 14166 | Lair:3   | Learned a level 2 spell: Sure Blade
 14537 | Lair:4   | Reached skill level 15 in Stealth
 14973 | Lair:4   | Found a hole to the Spider Nest.
 16317 | Lair:5   | Found a staircase to the Shoals.
 16632 | Lair:5   | Reached skill level 15 in Hexes
 17098 | Lair:6   | Reached skill level 16 in Stealth
 17439 | Lair:6   | Reached XP level 13. HP: 64/79 MP: 7/19
 18074 | Lair:7   | Found a dark tunnel.
 18083 | Volcano  | Entered a volcano
 18144 | Volcano  | Found a bloodstained altar of Trog.
 18156 | Volcano  | HP: 2/79 [orc warrior/long sword of flaming (22)]
 18156 | Volcano  | Slain by an orc warrior

Action                   |  1- 3 |  4- 6 |  7- 9 | 10-12 | 13-15 || total
-------------------------+-------+-------+-------+-------+-------++-------
Melee: Dagger            |    86 |   116 |   330 |   584 |    24 ||  1140
 Cast: Corona            |     4 |       |       |     1 |       ||     5
       Ensorcelled Hiber |    11 |    33 |    71 |   141 |     6 ||   262
       Confuse           |       |     5 |    25 |    13 |       ||    43
       Dazzling Spray    |       |       |       |    24 |     4 ||    28
       Enslavement       |       |       |       |     2 |     1 ||     3
Evoke: Wand              |       |       |     2 |     2 |     1 ||     5
  Use: Scroll            |     9 |    13 |    12 |    12 |       ||    46
       Potion            |       |     2 |     6 |     4 |     1 ||    13
 Stab: Sleeping          |    17 |    37 |    85 |   178 |     7 ||   324
       Confused          |       |     2 |    16 |     6 |       ||    24
       Invisible         |       |       |     6 |    38 |     5 ||    49
       Distracted        |       |       |     1 |     5 |       ||     6
       Held in net/web   |       |       |       |     1 |       ||     1
